 Dungeon Crawl Stone Soup version 0.19-a0-926-g4486784 (webtiles) character file.

310 Implojin the Chopper (level 6, 0/51 HPs)
             Began as a Minotaur Fighter on July 7, 2016.
             Slain by a killer bee (1 damage)
             ... on level 7 of the Dungeon.
             The game lasted 00:04:45 (618 turns).

Implojin the Chopper (Minotaur Fighter)              Turns: 618, Time: 00:04:46

Health: 0/51       AC:  8    Str: 26    XL:     6   Next: 18%
Magic:  5/5        EV:  5    Int:  5    God:
Gold:   23         SH: 17    Dex: 11    Spells: 0 memorised, 5 levels left

rFire  . . .     SeeInvis +     a - +0 war axe
rCold  + . .     Gourm    .     b - +0 scale mail
rNeg   . . .     Faith    .     p - +2 large shield of Calculation {rC+ rCorr}
rPois  .         Spirit   .     e - +2 hat
rElec  .         Dismiss  .     (no cloak)
rCorr  +         Reflect  .     (no gloves)
SustAt .         Harm     .     (no boots)
MR     .....                    (no amulet)
Stlth  ..........               (no ring)
                                k - ring of see invisible

@: mighty, very slightly contaminated, not resistant to hostile enchantments,
extremely unstealthy
A: retaliatory headbutt, horns 2
a: no special abilities


You were on level 7 of the Dungeon.
You were not hungry.

You visited 1 branch of the dungeon, and saw 8 of its levels.

You collected 23 gold pieces.

Inventory:

Hand Weapons
 a - a +0 war axe (weapon)
Missiles
 d - 5 javelins (quivered)
Armour
 b - a +0 scale mail (worn)
 c - a +0 shield
 e - a +2 hat (worn)
 l - a +0 chain mail
 p - the +2 large shield of Calculation (worn) {rC+ rCorr}
   (You found it on level 5 of the Dungeon)

   It protects you from cold.
   It protects you from acid and corrosion.
Jewellery
 k - a ring of see invisible (left hand)
Wands
 t - a wand of polymorph (10/24)
Scrolls
 g - a scroll of enchant armour
 m - a scroll of identify
Potions
 r - a potion of brilliance {unknown}
Comestibles
 f - 2 bread rations
 s - 2 meat rations


   Skills:
 - Level 3.6 Fighting
 * Level 7.9 Axes
 - Level 3.6 Armour
 - Level 3.6 Shields


You had 5 spell levels left.
You didn't know any spells.

Dungeon Overview and Level Annotations

Branches:
Dungeon (8/15)
 Temple: D:4-7         Lair: D:8-11

Altars:

Annotations:
D:7 Dowan, Duvessa


Innate Abilities, Weirdness & Mutations

You reflexively headbutt those who attack you in melee.
You have a pair of horns on your head.


Message History

The killer bee buzzes angrily.
You block the killer bee's attack.
A killer bee comes into view.
Unknown command.
Unknown command.
The killer bee buzzes angrily.
You block the killer bee's attack.
A killer bee comes into view.
You miss the killer bee.
The killer bee buzzes angrily.
The killer bee stings you but does no damage.
You block the killer bee's attack.
Unknown command.
You slash the killer bee!
The killer bee is almost dead.
You block the killer bee's attack. x2
The killer bee stings you but does no damage.
You slash the killer bee!
You kill the killer bee!
You block the killer bee's attack.
Duvessa gestures with her weapon.
You block the killer bee's attack.
A killer bee comes into view.
You miss the killer bee.
The killer bee buzzes angrily.
You block the killer bee's attack. x2
You miss the killer bee. You block the killer bee's attack.
The killer bee stings you.
* * * LOW HITPOINT WARNING * * *
Unknown command.
Your shield and scale mail prevent you from hitting the killer bee.
The killer bee stings you but does no damage.
You block the killer bee's attack. The killer bee stings you.
* * * LOW HITPOINT WARNING * * *
Unknown command.
Your shield and scale mail prevent you from hitting the killer bee.
You headbutt the killer bee!
The killer bee is severely wounded.
The killer bee stings you.
You die...

#......###........#
#...........o.5...#
##......###.....o..# #
#......o###........####
...........####.###.....
.........#e# #......#..
###......#.##...........
########ayy.#####$....
### #...@yoeyy.# #....#
...<...#######..# #....#
..## ..... ...... .###
............ ..# .......
#.### ..>..$. #<..#
###.... ###.....# ....#


You could see Duvessa, a worker ant, 5 killer bees and an orc.

Vanquished Creatures
  The ghost of Implojin the Chopper, an amateur MiFi (D:6)
  A giant frog (D:7)
  A killer bee (D:7)
  A hound (D:6)
  A worker ant (D:4)
  2 giant geckos
  4 orcs
  A ball python (D:1)
  2 giant cockroaches
  4 goblins (D:1)
  2 hobgoblins
  A jackal (D:1)
  A quokka (D:3)
  2 bats
  3 giant newts
  A kobold (D:2)
28 creatures vanquished.

Notes
Turn   | Place    | Note
-------+----------+-------------------------------------------
     0 | D:1      | Implojin the Minotaur Fighter began the quest for the Orb.
     0 | D:1      | Reached XP level 1. HP: 19/19 MP: 0/0
    77 | D:1      | Reached skill level 3 in Axes
    98 | D:1      | Reached XP level 2. HP: 22/26 MP: 1/1
   220 | D:3      | Reached skill level 4 in Axes
   291 | D:4      | Reached XP level 3. HP: 26/31 MP: 2/2
   369 | D:5      | Entered Level 5 of the Dungeon
   395 | D:5      | Got a transparent large shield
   434 | D:5      | Identified the +2 large shield of Calculation {rC+ rCorr} (You found it on level 5 of the Dungeon)
   478 | D:6      | Reached skill level 5 in Axes
   478 | D:6      | Reached XP level 4. HP: 27/39 MP: 3/3
   505 | D:6      | Noticed Implojin's ghost (amateur MiFi)
   514 | D:6      | Killed Implojin's ghost
   514 | D:6      | Reached skill level 7 in Axes
   514 | D:6      | Reached XP level 5. HP: 10/45 MP: 4/4
   534 | D:6      | You fall through a shaft for 2 floors!
   536 | D:8      | Noticed an orc warrior
   538 | D:8      | HP: 2/45 [orc priest/divine providence (12)]
   540 | D:7      | Noticed Duvessa
   540 | D:7      | Noticed Dowan
   550 | D:7      | HP: 2/45 [giant frog (4)]
   561 | D:7      | Noticed an orc warrior
   605 | D:7      | Reached XP level 6. HP: 6/51 MP: 5/5
   617 | D:7      | HP: 1/51 [killer bee (4)]
   618 | D:7      | Slain by a killer bee

Vault maps used:
D:1:      minmay_arrival_loop
D:3:      saegor_snake_ambush
D:4:      first_bread, nemelex_diamond_rough_becter
D:6:      uniq_edmund
D:7:      lemuel_statue_altar, uniq_duvessa
D:8:      uniq_maurice, uniq_psyche

Skill      XL: |  1  2  3  4 |
---------------+-------------+-----
Axes           | 3 4 5 7 |  7.9
Fighting       | |  3.6
Armour         | |  3.6
Shields        | |  3.6

Action                   |  1- 3 |  4- 6 || total
-------------------------+-------+-------++-------
Melee: War axe           |    46 |    17 ||    63
       Headbutt          |     8 |     3 ||    11
  Use: Potion            |       |     6 ||     6
       Scroll            |       |     5 ||     5
Armor: Scale mail        |    44 |     8 ||    52
Dodge: Dodged            |    29 |     1 ||    30
Block: Shield            |    42 |       ||    42
       Large shield      |    14 |    38 ||    52

Table legend:
 A = Turns spent in this place as a percentage of turns spent in the entire game.
 B = Non-inter-level travel turns spent in this place as a percentage of non-inter-level travel turns spent in the entire game.
 C = Inter-level travel turns spent in this place as a percentage of turns spent in this place.
 D = Turns resting spent in this place as a percentage of non-inter-level travel turns spent in this place.
 E = Turns spent auto-exploring this place as a percentage of non-inter-level travel turns spent in this place.
 F = Non-inter-level travel turns spent in this place divided by the number of levels of this place that you've seen.
                   A       B       C       D       E      F
               +-------+-------+-------+-------+-------+----------------------
         Total | 100.0 | 100.0 |   0.0 |   0.0 |   0.0 |  75.6
       Dungeon | 100.0 | 100.0 |   0.0 |   0.0 |   0.0 |  75.6
               +-------+-------+-------+-------+-------+----------------------

Table legend:
 A = Kills in this place as a percentage of kills in entire the game.
 B = Kills by you in this place as a percentage of kills by you in the entire game.
 C = Kills by friends in this place as a percentage of kills by friends in the entire game.
 D = Other kills in this place as a percentage of other kills in the entire game.
 E = Experience gained in this place as a percentage of experience gained in the entire game.
 F = Experience gained in this place divided by the number of levels of this place that you have seen.
                   A       B       C       D       E      F
               +-------+-------+-------+-------+-------+----------------------
         Total | 100.0 | 100.0 |  -nan |  -nan | 100.0 |  55.5
       Dungeon | 100.0 | 100.0 |  -nan |  -nan | 100.0 |  55.5
               +-------+-------+-------+-------+-------+----------------------
